 Dungeon Crawl Stone Soup version 0.21-a0-591-g2314aa1 (webtiles) character file.

148 Amnesiac the Chiller (level 5, 0/28 HPs)
             Began as a Deep Elf Ice Elementalist on Dec 22, 2017.
             Killed from afar by Ijyb (6 damage)
             ... with a wand of acid (6)
             ... on level 3 of the Dungeon.
             The game lasted 00:02:38 (1546 turns).

Amnesiac the Chiller (Deep Elf Ice Elementalist)    Turns: 1546, Time: 00:02:39

Health: 0/28       AC:  5    Str:  5    XL:     5   Next: 8%
Magic:  3/12       EV: 13    Int: 21    God:
Gold:   80         SH:  0    Dex: 15    Spells: 5/11 levels left

rFire    + . .     SeeInvis .   (no weapon)
rCold    + . .     Gourm    .   (no shield)
rNeg     . . .     Faith    .   a - +0 robe
rPois    +         Spirit   .   f - +0 helmet
rElec    +         Reflect  .   (no cloak)
rCorr    +         Harm     .   (no gloves)
MR       .....                  (no boots)
Stlth    +.........             (no amulet)
HPRegen  0.09/turn              (no ring)
MPRegen  0.13/turn              (no ring)

@: confused, lethally poisoned (0 -> -11), icy armour, resistant, corroded, slow
A: no striking features
a: no special abilities


You were on level 3 of the Dungeon.
You were not hungry.

You visited 1 branch of the dungeon, and saw 3 of its levels.

You collected 80 gold pieces.

Inventory:

Missiles
 e - 47 poisoned needles
Armour
 a - a +0 robe (worn)
 f - a +0 helmet (worn)
Scrolls
 d - a scroll of fear {!r, unknown}
 h - 2 scrolls of identify {!r, unknown}
 j - 2 scrolls of teleportation {!r, unknown}
 n - a scroll of amnesia {!r, unknown}
 o - a scroll of random uselessness {!r, unknown}
 p - a scroll of immolation {!r, unknown}
 s - a scroll of remove curse {!r, unknown}
Potions
 i - a potion of mutation {!q, unknown}
 l - a potion of curing {!q, unknown}
 m - a potion of heal wounds {!q, unknown}
 q - a potion of might {!q, unknown}
Books
 b - a book of Frost

   Spells                             Type                      Level
   a - Freeze                         Ice                          1
   b - Throw Frost                    Conjuration/Ice              2
   c - Ozocubu's Armour               Charms/Ice                   3
   d - Throw Icicle                   Conjuration/Ice              4
   e - Summon Ice Beast               Ice/Summoning                4
Comestibles
 c - 3 rations
 r - 3 chunks of flesh


   Skills:
 + Level 0.0 Fighting
 - Level 2.4 Dodging
 - Level 2.4 Stealth
 + Level 3.5 Spellcasting
 * Level 4.2 Conjurations
 * Level 4.4 Ice Magic


You had 5 spell levels left.
You knew the following spells:

 Your Spells              Type           Power        Failure   Level  Hunger
a - Freeze                Ice            ###.         1%          1    None
b - Ozocubu's Armour      Chrm/Ice       ##......     16%         3    ###....
d - Throw Frost           Conj/Ice       ###...       3%          2    ##.....


Dungeon Overview and Level Annotations

Branches:
Dungeon (3/15)

Altars:

Annotations:
D:3 Ijyb


Message History

Casting: Freeze
Confirm with . or Enter, or press ? or * to list all spells.
A film of ice covers your body!
You close the door.
Ijyb opens the door.
Casting: Ozocubu's Armour
Confirm with . or Enter, or press ? or * to list all spells.
Aiming: Freeze
Press: ? - help, Shift-Dir - straight line, f - Ijyb
Aim: Ijyb, wielding a dagger of venom and wearing a ring mail You freeze Ijyb.
Ijyb is lightly wounded.
Casting: Freeze
Confirm with . or Enter, or press ? or * to list all spells.
Aiming: Freeze
Press: ? - help, Shift-Dir - straight line, f/p - Ijyb
Aim: Ijyb, wielding a dagger of venom and wearing a ring mail (lightly wounded)
You freeze Ijyb.
Ijyb is heavily wounded.
Ijyb barely misses you.
Casting: Freeze
Confirm with . or Enter, or press ? or * to list all spells.
Aiming: Freeze
Press: ? - help, Shift-Dir - straight line, f/p - Ijyb
Aim: Ijyb, wielding a dagger of venom and wearing a ring mail (heavily wounded)
You freeze Ijyb.
Ijyb is heavily wounded.
Ijyb hits you but does no damage.
You are poisoned.
Casting: Freeze
Confirm with . or Enter, or press ? or * to list all spells.
Aiming: Freeze
Press: ? - help, Shift-Dir - straight line, f/p - Ijyb
Aim: Ijyb, wielding a dagger of venom and wearing a ring mail (heavily wounded)
You freeze Ijyb.
Ijyb is heavily wounded.
You feel sick.
Ijyb zaps a wand.
The bolt of acid hits you! The acid corrodes you!
You are splashed with acid!
The acid burns!
* * * LOW HITPOINT WARNING * * *
It is a wand of acid (7).
Casting: Freeze
Confirm with . or Enter, or press ? or * to list all spells.
Aiming: Freeze
Press: ? - help, Shift-Dir - straight line, f/p - Ijyb
Aim: Ijyb, wielding a dagger of venom, wearing a ring mail and carrying a wand of acid (7) (heavily wounded)
You freeze Ijyb.
Ijyb is severely wounded.
* * * LOW HITPOINT WARNING * * *
You feel sick.
Ijyb zaps a wand.
The bolt of acid misses you.
Casting: Freeze
Confirm with . or Enter, or press ? or * to list all spells.
You don't have enough magic to cast that spell.
Really quaff
k - a white potion {!q}?
It was a potion of resistance {!q}.
You feel protected. Ijyb hits you but does no damage.
You are more poisoned.
Really quaff
g - a puce potion {!q}?
It was a potion of ambrosia {!q}.
You are confused.
You feel invigorated.
* * * LOW HITPOINT WARNING * * *
You feel sick.
Ijyb zaps a wand.
The bolt of acid hits you! You resist.
You die...

....#.#............#
#.###
......####.#####...#
#...# #.#.### #.#
##### ###.# ..#.#
#+# #.# ###.# ...
#.# #.# .... ### #.#
#.# ..... ##.###.#
..#
......####...##.#
...
......g@......#.#
###
......####.#.##.##
..... #.###....#
.... ##.#.##.## ...
##.##### #+ #.# #.#
..# ..#


You could see Ijyb.

Vanquished Creatures
  The ghost of rabbitfr the Insei, an amateur OpTm (D:3)
  An adder (D:2)
  An ooze (D:1)
  4 dart slugs
  4 leopard geckos
  3 ball pythons (D:1)
  8 bats
  4 giant cockroaches
  5 goblins
  2 hobgoblins
  4 jackals (D:3)
  A quokka (D:2)
  4 frilled lizards
  2 kobolds
  2 rats
46 creatures vanquished.

Notes
Turn   | Place    | Note
-------+----------+-------------------------------------------
     0 | D:1      | Amnesiac the Deep Elf Ice Elementalist began the quest for the Orb.
     0 | D:1      | Reached XP level 1. HP: 10/10 MP: 6/6
    37 | D:1      | Reached XP level 2. HP: 15/15 MP: 4/8
    42 | D:1      | Learned a level 2 spell: Throw Frost
   324 | D:1      | Reached XP level 3. HP: 19/19 MP: 0/9
   329 | D:1      | Learned a level 3 spell: Ozocubu's Armour
   872 | D:2      | Found a faded altar of an unknown god.
  1354 | D:3      | Noticed rabbitfr's ghost (amateur OpTm)
  1360 | D:3      | Killed rabbitfr's ghost
  1360 | D:3      | Reached XP level 4. HP: 17/24 MP: 0/11
  1412 | D:3      | Reached XP level 5. HP: 24/28 MP: 3/12
  1536 | D:3      | Noticed Ijyb
  1546 | D:3      | Killed from afar by Ijyb

Vault maps used:
D:1:      minmay_arrival_plants_in_alcoves
D:2:      chequers_ecumenical_altar_island
D:3:      uniq_ijyb, uniq_robin

Skill      XL: |  1  2  3 |
---------------+----------+-----
Ice Magic      | 4 |  4.4
Conjurations   | 2 4 |  4.2
Dodging        | |  2.4
Stealth        | |  2.4
Spellcasting   | |  3.5

Action                   |  1- 3 |  4- 6 || total
-------------------------+-------+-------++-------
Melee: Unarmed           |     3 |       ||     3
 Cast: Freeze            |    30 |    19 ||    49
       Throw Frost       |    26 |     1 ||    27
       Ozocubu's Armour  |       |     1 ||     1
  Use: Potion            |       |     2 ||     2
  Eat: Chunk             |     2 |     1 ||     3
Armor: Robe              |     1 |     4 ||     5
Dodge: Dodged            |    15 |     9 ||    24

Table legend:
 A = Spawn XP
 B = Non-spawn XP
 C = Spawn XP percentage of total XP
 D = Spawn monster count
 E = Non-spawn monster count
 F = Spawn count percentage of total count
 G = Total turns spent on level
                    A         B        C        D         E        F      G
               +---------+---------+-------+---------+---------+-------+---------
         Total |       0 |     212 |   0.0 |       0 |      46 |   0.0 |  1546
               +---------+---------+-------+---------+---------+-------+---------
           D:1 |       0 |      62 |   0.0 |       0 |      28 |   0.0 |   846
           D:2 |       0 |      25 |   0.0 |       0 |       8 |   0.0 |   494
           D:3 |       0 |     125 |   0.0 |       0 |      10 |   0.0 |   206
               +---------+---------+-------+---------+---------+-------+---------
